 Dungeon Crawl Stone Soup version 0.27.1-2-g3b301248ec (webtiles) character file.

Game seed: 14550614341314867981

10138 Crownlay the Cleaver (level 11, -1/107 HPs)
             Began as a Hill Orc Fighter on Sept 23, 2021.
             Was an Elder of Okawaru.
             Slain by a fire elemental (4 damage)
             ... led by Azrael
             ... on level 12 of the Dungeon.
             The game lasted 00:23:50 (13061 turns).

Crownlay the Cleaver (Hill Orc Fighter)            Turns: 13061, Time: 00:23:51

Health: -1/107     AC: 12    Str: 26    XL:     11   Next: 57%
Magic:  19/19      EV: 14    Int:  8    God:    Okawaru [****..]
Gold:   694        SH:  5    Dex: 13    Spells: 10/10 levels left

rFire    . . .     SeeInvis .   E - +2 hand axe (elec)
rCold    . . .     Faith    .   b - +0 buckler
rNeg     . . .     Spirit   .   d - +4 ring mail
rPois    .         Reflect  .   (no helmet)
rElec    .         Harm     .   (no cloak)
rCorr    .         Rampage  .   y - +2 pair of gloves {archery}
Will     .....                  (no boots)
Stlth    +.........             (no amulet)
HPRegen  0.27/turn              h - +6 ring of strength
MPRegen  0.16/turn              j - +4 ring of evasion

@: no status effects
A: no striking features
a: Renounce Religion, Heroism


You were on level 12 of the Dungeon.
You worshipped Okawaru.
Okawaru was greatly pleased with you.
You visited 2 branches of the dungeon, and saw 14 of its levels.

You collected 694 gold pieces.

Inventory:

Hand Weapons
 s - a +1 vorpal battleaxe
 D - a +2 short sword of flaming
 E - a +2 hand axe of electrocution (weapon)
Missiles
 w - 2 throwing nets (quivered)
Armour
 b - a +0 buckler (worn)
 c - a +0 kite shield
 d - a +4 ring mail (worn)
 y - a +2 pair of gloves of archery (worn)
Jewellery
 h - a +6 ring of strength (left hand)
 j - a +4 ring of evasion (right hand)
Wands
 o - a wand of polymorph (9)
 B - a wand of flame (22)
 H - a wand of digging (4)
 I - a wand of paralysis (6)
Scrolls
 a - a scroll of fog
 g - 2 scrolls of torment {unknown}
 l - 2 scrolls of magic mapping
 m - a scroll of acquirement
 n - a scroll of teleportation
 p - a scroll of brand weapon {unknown}
 q - a scroll of noise {unknown}
 r - 3 scrolls of enchant weapon {unknown}
 u - 2 scrolls of holy word {unknown}
 A - 3 scrolls of amnesia {unknown}
 G - 2 scrolls of enchant armour
Potions
 e - 6 potions of curing
 f - 2 potions of invisibility {unknown}
 i - 3 potions of attraction
 k - 3 potions of berserk rage
 t - a potion of magic {unknown}
 v - 3 potions of heal wounds {unknown}
 x - 4 potions of degeneration
 z - 2 potions of flight {unknown}
 C - a potion of might
 F - a potion of ambrosia {unknown}


   Skills:
 + Level 13.0 Fighting
 - Level 14.0 Axes
 - Level 3.2 Armour
 - Level 4.0 Shields
 + Level 11.3 Invocations


You had 10 spell levels left.
You didn't know any spells.
Your spell library contained the following spells:

 Spells                   Type           Power      Damage    Failure   Level
 Sting                    Tmut/Pois      0%         1d3       54%         1
 Corpse Rot               Necr/Air       N/A        N/A       67%         2
 Poisonous Vapours        Pois/Air       0%         N/A       67%         2
 Olgreb's Toxic Radiance  Pois           0%         N/A       99%         4
 Freezing Cloud           Conj/Ice/Air   0%         6-21      100%        5


Dungeon Overview and Level Annotations

Branches:
Dungeon (13/15)            Temple (1/1) D:6            Lair (0/6) D:8
    Orc: D:9-12      Vaults: D:13-14

Altars:
Ashenzari
Dithmenos
Elyvilon
Fedhas
Hepliaklqana
Okawaru
Sif Muna
Trog
Vehumet
Wu Jian
Xom
Zin
The Shining One

Shops:
D:5 (   D:7 ?   D:10 *=

Annotations:
D:12 Azrael


Message History

You closely miss the fire elemental. You hit the fire elemental.
The fire elemental hits you. The fire elemental burns you!
The fire elemental hits you. The fire elemental burns you!
The hell hound misses you.
You slash the hell hound!
Lightning courses through the hell hound!
You kill the hell hound!
Okawaru accepts your kill.
You hit the fire elemental. x2; You block the fire elemental's attack.
The fire elemental completely misses you.
You closely miss the fire elemental.
The fire elemental is severely damaged.
You barely miss the fire elemental. The fire elemental barely misses you.
Azrael screams, "No!
No!
YES!
No!"
You barely miss the fire elemental.
The fire elemental is severely damaged.
You hit the fire elemental. You closely miss the fire elemental.
The fire elemental hits you. The fire elemental burns you!
The fire elemental hits you. The fire elemental burns you!
You hit the fire elemental.
The fire elemental is almost destroyed.
You slash the fire elemental! You hit the fire elemental.
The fire elemental closely misses you. x2
Azrael gestures at you.
The fireball explodes!
The fireball engulfs the fire elemental.
The fire elemental completely resists.
The fireball engulfs Azrael.
Azrael completely resists.
The fireball engulfs you!!
* * * LOW HITPOINT WARNING * * *
The fireball engulfs the fire elemental.
The fire elemental completely resists.
The fireball engulfs the fire elemental.
The fire elemental completely resists.
The fire elemental hits you. The fire elemental burns you!
* * * LOW HITPOINT WARNING * * *
You hear a bark! x2; You hear a shout! x8
The fire elemental hits you. The fire elemental burns you!
* * * LOW HITPOINT WARNING * * *
The fire elemental hits you. The fire elemental burns you!
You die...

..#.... ..
#..... .<.
#..... #...
....##.... #.
#...#.....
.#.[##.......$.
....?.E..?.....
...°○RE@#
.....°E##
....... .......
..##... . #...
#... #...


You could see Azrael and 3 fire elementals.

Vanquished Creatures
  A cyclops (D:13)
  3 trolls
  Prince Ribbit (D:6)
  3 hornets
  3 slime creatures (D:13)
  Sigmund (D:3)
  A shadow (D:10)
  A wyvern (D:9)
  11 yaks
  Grum (D:11)
  4 vampire mosquitoes
  Menkaure (D:5)
  An acid dragon (D:9)
  2 water moccasins
  Edmund (D:4)
  A hell hound (D:12)
  Duvessa (D:5)
  4 orc warriors
  2 black bears
  4 ogres (D:5)
  2 sky beasts
  3 wolves (D:11)
  5 centaurs
  A phantom (D:4)
  2 kobold brigands
  5 bullfrogs
  Blork the orc (D:4)
  3 gnoll sergeants
  2 scorpions (D:5)
  A water moccasin zombie (D:5)
  A wyvern skeleton (D:6)
  Dowan (D:6)
  4 wights (D:10)
  A howler monkey (D:6)
  2 hounds
  2 jellies (D:6)
  A centaur zombie (D:7)
  6 orc priests
  2 centaur skeletons
  Jessica (D:3)
  2 bullfrog skeletons (D:5)
  6 iguanas
  Natasha (thrice) (D:2)
  5 orc wizards
  A hound skeleton (D:4)
  7 gnolls
  10 adders
  2 white imps
  An adder skeleton (D:4)
  2 worms
  2 dart slugs
  30 orcs
  10 ball pythons
  7 endoplasms
  4 giant cockroaches
  7 goblins
  7 hobgoblins
  3 jackals (D:4)
  6 kobolds
  6 quokkas
  2 bats (D:1)
  A frilled lizard (D:3)
  4 rats
221 creatures vanquished.

Vanquished Creatures (others)
  A centaur warrior (D:9)
  A quokka (D:8)
  15 fungi (D:8)
  12 plants (D:8)
29 creatures vanquished.

Grand Total: 250 creatures vanquished

Notes
Turn   | Place    | Note
-------+----------+-------------------------------------------
     0 | D:1      | Crownlay the Hill Orc Fighter began the quest for the Orb.
     0 | D:1      | Reached XP level 1. HP: 19/19 MP: 1/1
    36 | D:1      | Noticed a black bear
    36 | D:1      | Noticed an anaconda
    37 | D:1      | Noticed a rime drake
    37 | D:1      | Noticed a snapping turtle
    84 | D:1      | Reached skill level 3 in Axes
    96 | D:1      | Reached XP level 2. HP: 24/26 MP: 2/2
   195 | D:1      | Reached skill level 4 in Axes
   566 | D:1      | Found a faded altar of an unknown god.
   720 | D:2      | Found a bloodstained altar of Trog.
   745 | D:2      | Reached XP level 3. HP: 30/31 MP: 3/3
  1148 | D:2      | Noticed Natasha
  1168 | D:2      | Killed Natasha
  1169 | D:2      | Reached skill level 5 in Axes
  1169 | D:2      | Reached XP level 4. HP: 23/39 MP: 4/4
  1751 | D:2      | Noticed Natasha
  1761 | D:2      | Killed Natasha
  1762 | D:2      | Reached skill level 6 in Axes
  1977 | D:2      | Noticed Natasha
  2001 | D:2      | Killed Natasha
  2083 | D:3      | Reached XP level 5. HP: 45/45 MP: 5/5
  2098 | D:3      | Noticed Sigmund
  2115 | D:3      | Killed Sigmund
  2116 | D:3      | Reached skill level 8 in Axes
  2116 | D:3      | Reached XP level 6. HP: 11/51 MP: 6/6
  2347 | D:3      | Found a shadowy altar of Dithmenos.
  2527 | D:3      | Noticed Jessica
  2542 | D:3      | Killed Jessica
  2677 | D:3      | Reached skill level 9 in Axes
  2919 | D:3      | Identified a scroll of acquirement
  2939 | D:4      | Noticed Edmund
  2955 | D:4      | Killed Edmund
  2956 | D:4      | Reached XP level 7. HP: 29/57 MP: 7/7
  3120 | D:4      | Reached skill level 10 in Axes
  3149 | D:4      | Noticed Blork the orc
  3163 | D:4      | Killed Blork the orc
  3435 | D:4      | Reached skill level 11 in Axes
  3585 | D:4      | You fall into a shaft and drop 1 floor!
  3585 | D:5      | Entered Level 5 of the Dungeon
  3612 | D:5      | Noticed Menkaure
  3620 | D:5      | Killed Menkaure
  3621 | D:5      | Reached XP level 8. HP: 19/64 MP: 8/8
  3918 | D:5      | Reached skill level 12 in Axes
  4340 | D:5      | Reached skill level 13 in Axes
  4387 | D:4      | Found a bloodstained altar of Trog.
  5521 | D:5      | Found Tirrunn's Antique Weapon Boutique.
  5538 | D:5      | Reached skill level 14 in Axes
  5538 | D:5      | Reached XP level 9. HP: 68/71 MP: 9/9
  5724 | D:5      | Reached skill level 5 in Fighting
  5974 | D:6      | Noticed Dowan
  5976 | D:6      | Noticed Duvessa
  5982 | D:6      | Killed Dowan
  5995 | D:5      | Killed Duvessa
  6469 | D:6      | Found a staircase to the Ecumenical Temple.
  6519 | Temple   | Entered the Ecumenical Temple
  6588 | Temple   | Became a worshipper of Warmaster Okawaru
  6834 | D:6      | Noticed Prince Ribbit
  6863 | D:6      | Killed Prince Ribbit
  7422 | D:7      | Reached skill level 1 in Invocations
  7454 | D:7      | Noticed a hornet
  7810 | D:7      | Paralysed by a hornet for 3 turns
  7816 | D:7      | Killed a hornet
  8230 | D:7      | Found a glowing silver altar of Zin.
  8423 | D:7      | Reached * piety under Okawaru
  8467 | D:7      | Reached XP level 10. HP: 82/91 MP: 13/13
  8874 | D:7      | Found Fomed's Magic Scroll Shoppe.
  8884 | D:7      | Reached skill level 5 in Invocations
  9095 | D:8      | Found a radiant altar of Vehumet.
  9095 | D:8      | Found a hazy altar of Hepliaklqana.
  9095 | D:8      | Found a broken altar of Ashenzari.
  9095 | D:8      | Found a blossoming altar of Fedhas.
  9211 | D:8      | Reached skill level 10 in Fighting
  9506 | D:8      | Found a white marble altar of Elyvilon.
  9550 | D:8      | Found a staircase to the Lair.
  9698 | D:8      | Found a shimmering altar of Xom.
 10014 | D:9      | Reached ** piety under Okawaru
 10638 | D:9      | Noticed a centaur warrior
 10643 | D:9      | Killed a centaur warrior
 11253 | D:10     | Entered Level 10 of the Dungeon
 11348 | D:9      | Reached *** piety under Okawaru
 11349 | D:9      | Reached XP level 11. HP: 69/104 MP: 16/18
 11497 | D:9      | Reached skill level 10 in Invocations
 11630 | D:10     | Reached **** piety under Okawaru
 11766 | D:10     | Found Gizoc's Jewellery Shop.
 11902 | D:10     | Paralysed by a hornet for 1 turns
 12197 | D:10     | Found Gujuul's General Store.
 12503 | D:11     | Noticed Grum
 12527 | D:11     | Killed Grum
 12759 | D:11     | You fall into a shaft and drop 2 floors!
 12760 | D:13     | Noticed a cyclops
 12775 | D:13     | Killed a cyclops
 13048 | D:12     | Noticed Azrael
 13061 | D:12     | HP: 3/107 [fire elemental[Azrael] (11)]
 13061 | D:12     | Slain by a fire elemental

Illustrated notes

Levels and vault maps discovered:
D:1:      onia_arrival_zoo_common, layout_basic,
          hellmonk_ecumenical_altar_zigzags, chequers_serial_rivers_small_3
D:2:      layout_basic, basic_altar, uniq_natasha
D:3:      layout_rooms, nicolae_dithmenos_shadow_blocks, uniq_jessica,
          uniq_sigmund
D:4:      layout_basic, kennysheep_mini, minmay_misc_feat_columns,
          kennysheep_small_circle, uniq_blork_the_orc, uniq_edmund
D:5:      cheibrodos_barr_body, layout_gridville, serial_shops, shop,
          uniq_menkaure
D:6:      layout_loops_ring, temple_pool_b, uniq_duvessa, uniq_prince_ribbit1
D:7:      layout_loops_corners, general_overflow_altar, serial_shops,
          kennysheep_little_box
D:8:      layout_loops_cross, chequers_temple_overflow_statue_of_worship,
          xom_teletrap_fun, elyvilon_altar_4, grunt_lair_entry_orc_guard_hut
D:9:      layout_rooms, grunt_ministairs_5
D:10:     layout_big_octagon, serial_shops, shop, nicolae_shop_stone
D:11:     layout_loops_ring, orc_0_dummy, uniq_josephine, uniq_grum
D:12:     layout_cave_pools, special_room [special_room_orc],
          nicolae_blasting_shop, uniq_azrael, uniq_rupert
D:13:     layout_rooms
Temple:   nicolae_temple_figure_eight

Skill      XL: |  1  2  3  4  5  6  7  8  9 10 11 |
---------------+----------------------------------+-----
Axes           | 3 4 5 6 8 9 11 14 | 14.0
Fighting       | 9 11 13 | 13.0
Invocations    | 4 9 11 | 11.3
Shields        | 4 |  4.0
Armour         | |  3.2

Action                   |  1- 3 |  4- 6 |  7- 9 | 10-12 || total
-------------------------+-------+-------+-------+-------++-------
Melee: War axe           |    79 |    93 |   310 |       ||   482
       Hand axe          |       |       |    29 |   265 ||   294
Throw: Throwing net      |       |       |     2 |       ||     2
  Use: Potion            |       |     1 |     1 |     1 ||     3
       Scroll            |       |     4 |     8 |     2 ||    14
 Stab: Held in net/web   |       |       |     1 |       ||     1
Armor: Scale mail        |    36 |    26 |    64 |    30 ||   156
       Skin              |       |     3 |       |       ||     3
       Ring mail         |       |       |       |    45 ||    45
Dodge: Dodged            |    55 |    54 |   225 |   170 ||   504
Block: Buckler           |       |       |       |    28 ||    28
